2203 views
Uploaded 2022-10-19 23:59:17
Game version 1.33
22:59 long 3on3 ladder game on (6)StranglethornVale
Saved by GIGA
2203 views
Uploaded 2022-10-19 23:59:17
Game version 1.33
22:59 long 3on3 ladder game on (6)StranglethornVale


60 units @ 5.7k
/ 0.7k
102 buildings @ 7.7k
/ 3.3k
DudeWhy
(236)
(22:50) : 

| Peasant | 14 | 1050 | / | 0 |
| Mortar Team | 2 | 360 | / | 140 |
| Flying Machine | 14 | 1400 | / | 420 |
| Dragonhawk Rider | 2 | 400 | / | 60 |
| Goblin Shredder | 1 | 375 | / | 100 |
| total: | 33 | 3585g | / | 720w |
| Scout Tower | 24 | 720 | / | 480 |
| Guard Tower | 8 | 560 | / | 400 |
| Arcane Tower | 2 | 140 | / | 100 |
| Altar of Kings | 1 | 180 | / | 50 |
| Lumber Mill | 1 | 120 | / | 0 |
| Farm | 14 | 1120 | / | 280 |
| Town Hall | 1 | 385 | / | 205 |
| Blacksmith | 1 | 140 | / | 60 |
| Arcane Vault | 2 | 260 | / | 60 |
| Workshop | 3 | 420 | / | 420 |
| Gryphon Aviary | 1 | 140 | / | 150 |
| Keep | 1 | 320 | / | 210 |
| Castle | 1 | 360 | / | 210 |
| total: | 48 | 3485g | / | 1705w |
| 0:02 | Peasant |
| 0:16 | Peasant |
| 0:18 | Altar of Kings |
| 0:21 | Lumber Mill |
| 0:24 | Peasant |
| 0:33 | Farm |
| 0:39 | Peasant |
| 0:58 | Scout Tower |
| 1:05 | Peasant |
| 1:07 | Farm |
| 1:12 | Peasant |
| 1:24 | Improved Lumber Harvesting |
| 1:31 | Peasant |
| 1:41 | Guard Tower |
| 1:42 | Scout Tower |
| 1:46 | Peasant |
| 1:52 | Peasant |
| 1:55 | Farm |
| 2:11 | Guard Tower |
| 2:13 | Scout Tower |
| 2:20 | Storm Bolt |
| 2:53 | Arcane Tower |
| 2:55 | Scout Tower |
| 3:00 | Peasant |
| 3:00 | Peasant |
| 3:01 | Improved Masonry |
| 3:25 | Peasant |
| 4:14 | Town Hall |
| 4:18 | Arcane Tower |
| 4:23 | Peasant |
| 4:23 | Peasant |
| 5:30 | Keep |
| 5:44 | Goblin Shredder |
| 6:03 | Blacksmith |
| 6:39 | Scout Tower |
| 6:40 | Scout Tower |
| 6:41 | Scout Tower |
| 6:41 | Scout Tower |
| 6:46 | Scout Tower |
| 6:48 | Scout Tower |
| 6:55 | Scout Tower |
| 7:05 | Scout Tower |
| 7:11 | Guard Tower |
| 7:14 | Scout Tower |
| 7:15 | Scout Tower |
| 7:16 | Scout Tower |
| 7:16 | Scout Tower |
| 7:19 | Guard Tower |
| 7:30 | Bash |
| 7:37 | Black Gunpowder |
| 7:51 | Castle |
| 7:56 | Guard Tower |
| 8:02 | Guard Tower |
| 8:05 | Guard Tower |
| 8:07 | Advanced Lumber Harvesting |
| 8:08 | Advanced Masonry |
| 8:33 | Workshop |
| 8:34 | Workshop |
| 8:35 | Workshop |
| 8:43 | Guard Tower |
| 9:10 | Refined Gunpowder |
| 9:20 | Flak Cannons |
| 9:36 | Flare |
| 9:41 | Mortar Team |
| 10:00 | Farm |
| 10:00 | Farm |
| 10:01 | Farm |
| 10:03 | Farm |
| 10:05 | Farm |
| 10:08 | Farm |
| 10:11 | Farm |
| 10:14 | Farm |
| 10:24 | Flying Machine Bombs |
| 10:24 | Fragmentation Shards |
| 10:48 | Imbued Gunpowder |
| 10:48 | Iron Plating |
| 10:52 | Farm |
| 10:54 | Flying Machine |
| 10:58 | Arcane Vault |
| 11:00 | Arcane Vault |
| 11:09 | Gryphon Aviary |
| 11:27 | Farm |
| 11:28 | Farm |
| 11:32 | Imbued Masonry |
| 12:07 | Flying Machine |
| 12:09 | Flying Machine |
| 12:29 | Cloud |
| 12:30 | Dragonhawk Rider |
| 13:37 | Steel Plating |
| 14:53 | Flying Machine |
| 14:53 | Flying Machine |
| 14:53 | Flying Machine |
| 14:53 | Flying Machine |
| 14:53 | Flying Machine |
| 14:54 | Flying Machine |
| 14:54 | Flying Machine |
| 15:32 | Flying Machine |
| 15:32 | Flying Machine |
| 15:37 | Mithril Plating |
| 16:07 | Dragonhawk Rider |
| 16:08 | Flying Machine |
| 16:09 | Flying Machine |
| 17:47 | Divine Shield |
| 17:48 | Divine Shield |
| 17:50 | Bash |
| 19:39 | Mortar Team |
| 20:52 | Storm Bolt |
| 20:53 | Storm Bolt |
| 20:58 | Scout Tower |
| 20:58 | Scout Tower |
| 20:59 | Scout Tower |
| 21:00 | Scout Tower |
| 21:00 | Scout Tower |
| 21:01 | Scout Tower |
| 21:02 | Scout Tower |
| 21:02 | Scout Tower |
| Right click | 708 |
| Select group | 260 |
| Select | 255 |
| Build/train/purchase | 73 |
| Misc. action | 42 |
| Use ability | 27 |
| Resource trade | 27 |
| Minimap ping | 17 |
| Assign group | 10 |


| Peasant | 14 | 1050 | / | 0 |
| total: | 14 | 1050g | / | 0w |
| Scout Tower | 36 | 1080 | / | 720 |
| Arcane Tower | 4 | 280 | / | 200 |
| Guard Tower | 10 | 700 | / | 500 |
| Altar of Kings | 1 | 180 | / | 50 |
| Farm | 3 | 240 | / | 60 |
| Lumber Mill | 2 | 240 | / | 0 |
| Keep | 1 | 320 | / | 210 |
| total: | 42 | 1740g | / | 830w |
| 0:03 | Peasant |
| 0:03 | Peasant |
| 0:10 | Altar of Kings |
| 0:24 | Farm |
| 0:25 | Farm |
| 0:29 | Peasant |
| 0:41 | Peasant |
| 0:41 | Peasant |
| 0:46 | Scout Tower |
| 0:53 | Lumber Mill |
| 0:58 | Peasant |
| 1:03 | Farm |
| 1:19 | Peasant |
| 1:31 | Peasant |
| 1:41 | Arcane Tower |
| 1:55 | Peasant |
| 1:55 | Peasant |
| 2:20 | Peasant |
| 2:20 | Peasant |
| 2:39 | Storm Bolt |
| 2:53 | Peasant |
| 2:53 | Peasant |
| 2:56 | Scout Tower |
| 2:57 | Scout Tower |
| 3:04 | Scout Tower |
| 3:05 | Scout Tower |
| 3:05 | Scout Tower |
| 3:06 | Scout Tower |
| 3:07 | Scout Tower |
| 3:09 | Scout Tower |
| 3:10 | Scout Tower |
| 3:10 | Scout Tower |
| 3:11 | Scout Tower |
| 3:12 | Scout Tower |
| 3:12 | Scout Tower |
| 3:13 | Scout Tower |
| 3:17 | Improved Lumber Harvesting |
| 3:17 | Improved Masonry |
| 4:12 | Keep |
| 4:13 | Guard Tower |
| 4:18 | Arcane Tower |
| 4:20 | Guard Tower |
| 4:22 | Guard Tower |
| 4:24 | Guard Tower |
| 4:29 | Scout Tower |
| 4:30 | Scout Tower |
| 4:31 | Scout Tower |
| 4:33 | Scout Tower |
| 4:34 | Scout Tower |
| 4:34 | Scout Tower |
| 5:01 | Guard Tower |
| 5:49 | Arcane Tower |
| 5:50 | Guard Tower |
| 5:59 | Lumber Mill |
| 6:05 | Scout Tower |
| 6:06 | Scout Tower |
| 6:06 | Scout Tower |
| 6:07 | Scout Tower |
| 6:08 | Scout Tower |
| 6:10 | Guard Tower |
| 6:30 | Scout Tower |
| 6:31 | Scout Tower |
| 6:40 | Advanced Masonry |
| 7:05 | Scout Tower |
| 7:06 | Scout Tower |
| 7:09 | Scout Tower |
| 7:10 | Scout Tower |
| 7:12 | Scout Tower |
| 7:50 | Holy Light |
| 8:09 | Guard Tower |
| 8:19 | Scout Tower |
| 8:19 | Scout Tower |
| 8:20 | Scout Tower |
| 9:53 | Holy Light |
| 10:38 | Arcane Tower |
| 10:39 | Guard Tower |
| 11:57 | Guard Tower |
| 22:18 | Holy Light |
| Right click | 1571 |
| Select group | 840 |
| Select | 274 |
| Build/train/purchase | 41 |
| Assign group | 15 |
| Resource trade | 10 |
| Use ability | 6 |
| Minimap ping | 5 |
| Chat | 4 |
| Misc. action | 3 |

| Healing Salve | 1 | 100 |
| Lesser Clarity Potion | 2 | 140 |
| Boots of Speed | 1 | 250 |
| Staff of Teleportation | 1 | 150 |
| total: | 5 | 640g |
| Peon | 12 | 900 | / | 0 |
| Troll Witch Doctor | 1 | 145 | / | 25 |
| total: | 13 | 1045g | / | 25w |
| Altar of Storms | 2 | 360 | / | 100 |
| Orc Burrow | 3 | 480 | / | 120 |
| Voodoo Lounge | 2 | 260 | / | 60 |
| War Mill | 2 | 410 | / | 0 |
| Great Hall | 2 | 770 | / | 370 |
| Spirit Lodge | 1 | 150 | / | 150 |
| Stronghold | 1 | 315 | / | 190 |
| Fortress | 1 | 325 | / | 190 |
| total: | 12 | 2430g | / | 800w |
| 0:04 | Altar of Storms |
| 0:07 | Peon |
| 0:10 | Orc Burrow |
| 0:12 | Peon |
| 0:21 | Peon |
| 0:38 | Peon |
| 0:53 | Peon |
| 0:59 | Peon |
| 1:12 | Voodoo Lounge |
| 1:15 | Peon |
| 1:25 | Peon |
| 1:35 | Peon |
| 1:39 | Peon |
| 1:47 | Orc Burrow |
| 2:05 | War Mill |
| 2:17 | Peon |
| 2:21 | Wind Walk |
| 3:27 | Peon |
| 3:34 | Healing Salve |
| 4:27 | Lesser Clarity Potion |
| 5:38 | Great Hall |
| 5:55 | War Mill |
| 5:57 | Voodoo Lounge |
| 6:43 | Boots of Speed |
| 6:43 | Staff of Teleportation |
| 12:18 | Critical Strike |
| 16:01 | Altar of Storms |
| 17:10 | Orc Burrow |
| 18:11 | Stronghold |
| 18:23 | Great Hall |
| 19:41 | Lesser Clarity Potion |
| 20:59 | Spirit Lodge |
| 21:32 | Fortress |
| 22:49 | Troll Witch Doctor |
| Right click | 972 |
| Select | 125 |
| Misc. action | 70 |
| Select group | 53 |
| Build/train/purchase | 52 |
| Resource trade | 24 |
| Use ability | 20 |
| Minimap ping | 4 |
| Assign group | 2 |
124 units @ 15.5k
/ 2.2k
92 buildings @ 11.7k
/ 5.2k



| Scroll of Regeneration | 2 | 200 |
| Ivory Tower | 4 | 160 |
| Scroll of Town Portal | 2 | 700 |
| Boots of Speed | 1 | 250 |
| Orb of Lightning | 1 | 375 |
| Healing Salve | 1 | 100 |
| Scroll of Speed | 1 | 50 |
| total: | 12 | 1835g |
| Peasant | 16 | 1200 | / | 0 |
| Footman | 5 | 675 | / | 0 |
| Dragonhawk Rider | 8 | 1600 | / | 240 |
| Gryphon Rider | 2 | 560 | / | 140 |
| Goblin Shredder | 1 | 375 | / | 100 |
| total: | 32 | 4410g | / | 480w |
| Scout Tower | 18 | 540 | / | 360 |
| Guard Tower | 10 | 700 | / | 500 |
| Barracks | 1 | 160 | / | 60 |
| Altar of Kings | 1 | 180 | / | 50 |
| Farm | 9 | 720 | / | 180 |
| Arcane Vault | 5 | 650 | / | 150 |
| Town Hall | 2 | 770 | / | 410 |
| Lumber Mill | 1 | 120 | / | 0 |
| Blacksmith | 2 | 280 | / | 120 |
| Gryphon Aviary | 3 | 420 | / | 450 |
| Arcane Sanctum | 1 | 150 | / | 140 |
| Keep | 1 | 320 | / | 210 |
| Castle | 1 | 360 | / | 210 |
| total: | 43 | 3990g | / | 1920w |
| 0:03 | Peasant |
| 0:03 | Peasant |
| 0:12 | Barracks |
| 0:14 | Altar of Kings |
| 0:15 | Farm |
| 0:28 | Peasant |
| 0:46 | Peasant |
| 0:51 | Peasant |
| 0:59 | Farm |
| 1:01 | Peasant |
| 1:13 | Peasant |
| 1:16 | Footman |
| 1:33 | Farm |
| 1:37 | Footman |
| 1:44 | Peasant |
| 2:02 | Footman |
| 2:13 | Farm |
| 2:19 | Footman |
| 2:21 | Storm Bolt |
| 2:30 | Peasant |
| 2:40 | Footman |
| 2:59 | Peasant |
| 2:59 | Peasant |
| 3:18 | Thunder Clap |
| 3:24 | Arcane Vault |
| 3:40 | Town Hall |
| 3:50 | Peasant |
| 4:08 | Scroll of Regeneration |
| 4:17 | Scroll of Regeneration |
| 4:46 | Lumber Mill |
| 5:18 | Goblin Shredder |
| 5:30 | Farm |
| 5:51 | Peasant |
| 5:52 | Improved Lumber Harvesting |
| 6:06 | Keep |
| 6:16 | Blacksmith |
| 6:22 | Storm Bolt |
| 6:55 | Boots of Speed |
| 7:07 | Scout Tower |
| 7:09 | Scout Tower |
| 7:09 | Scout Tower |
| 7:09 | Scout Tower |
| 7:10 | Scout Tower |
| 7:20 | Scout Tower |
| 7:20 | Scout Tower |
| 7:20 | Scout Tower |
| 7:21 | Scout Tower |
| 7:27 | Improved Masonry |
| 7:36 | Guard Tower |
| 7:45 | Guard Tower |
| 7:49 | Guard Tower |
| 7:52 | Scout Tower |
| 8:09 | Guard Tower |
| 8:24 | Guard Tower |
| 8:35 | Gryphon Aviary |
| 8:35 | Gryphon Aviary |
| 8:46 | Gryphon Aviary |
| 9:20 | Arcane Sanctum |
| 9:53 | Thunder Clap |
| 9:58 | Advanced Masonry |
| 10:03 | Magic Sentry |
| 10:04 | Castle |
| 11:02 | Iron Forged Swords |
| 11:03 | Blacksmith |
| 11:06 | Farm |
| 12:07 | Steel Forged Swords |
| 12:11 | Farm |
| 12:38 | Town Hall |
| 13:07 | Imbued Masonry |
| 13:08 | Studded Leather Armor |
| 13:10 | Farm |
| 13:13 | Farm |
| 13:55 | Dragonhawk Rider |
| 13:56 | Cloud |
| 14:03 | Mithril Forged Swords |
| 14:09 | Arcane Vault |
| 14:18 | Reinforced Leather Armor |
| 14:21 | Animal War Training |
| 14:44 | Peasant |
| 14:44 | Peasant |
| 14:45 | Peasant |
| 14:54 | Gryphon Rider |
| 14:55 | Storm Hammers |
| 14:58 | Arcane Vault |
| 15:04 | Arcane Vault |
| 15:05 | Arcane Vault |
| 16:04 | Gryphon Rider |
| 16:07 | Dragonhide Armor |
| 16:11 | Flame Strike |
| 17:05 | Dragonhawk Rider |
| 17:08 | Dragonhawk Rider |
| 17:13 | Storm Bolt |
| 17:30 | Dragonhawk Rider |
| 17:39 | Blizzard |
| 17:52 | Scroll of Town Portal |
| 17:59 | Orb of Lightning |
| 18:01 | Scroll of Town Portal |
| 18:03 | Healing Salve |
| 18:26 | Scout Tower |
| 18:27 | Scout Tower |
| 18:28 | Scout Tower |
| 18:28 | Scout Tower |
| 18:29 | Scout Tower |
| 18:32 | Scout Tower |
| 18:33 | Scout Tower |
| 18:37 | Scout Tower |
| 18:43 | Scroll of Speed |
| 19:00 | Dragonhawk Rider |
| 19:00 | Dragonhawk Rider |
| 19:00 | Dragonhawk Rider |
| 19:17 | Guard Tower |
| 19:21 | Guard Tower |
| 19:28 | Guard Tower |
| 19:30 | Guard Tower |
| 19:42 | Ivory Tower |
| 19:42 | Ivory Tower |
| 19:46 | Ivory Tower |
| 19:46 | Ivory Tower |
| 19:55 | Dragonhawk Rider |
| 21:35 | Guard Tower |
| 22:17 | Brilliance Aura |
| 22:17 | Brilliance Aura |
| 22:18 | Brilliance Aura |
| 22:18 | Brilliance Aura |
| 22:18 | Brilliance Aura |
| 22:21 | Banish |
| 22:49 | Blizzard |
| Right click | 918 |
| Select | 365 |
| Assign group | 190 |
| Select group | 128 |
| Build/train/purchase | 106 |
| Misc. action | 55 |
| Use ability | 46 |
| Item give/drop | 4 |
| Remove unit | 3 |
| Minimap ping | 2 |



| Healing Salve | 2 | 200 |
| Scroll of Speed | 1 | 50 |
| Tiny Great Hall | 1 | 600 |
| Orb of Lightning | 1 | 375 |
| Scroll of Town Portal | 2 | 700 |
| Staff of Sanctuary | 1 | 250 |
| total: | 8 | 2175g |
| Peon | 29 | 2175 | / | 0 |
| Troll Headhunter | 11 | 1540 | / | 220 |
| Demolisher | 2 | 440 | / | 100 |
| Troll Batrider | 6 | 960 | / | 240 |
| total: | 48 | 5115g | / | 560w |
| Watch Tower | 1 | 110 | / | 80 |
| Altar of Storms | 1 | 180 | / | 50 |
| Orc Burrow | 8 | 1280 | / | 320 |
| War Mill | 1 | 205 | / | 0 |
| Voodoo Lounge | 2 | 260 | / | 60 |
| Barracks | 4 | 720 | / | 200 |
| Great Hall | 3 | 1155 | / | 555 |
| Beastiary | 3 | 435 | / | 420 |
| Stronghold | 1 | 315 | / | 190 |
| Fortress | 1 | 325 | / | 190 |
| total: | 23 | 4345g | / | 1685w |
| 0:01 | Peon |
| 0:02 | Peon |
| 0:02 | Peon |
| 0:06 | Altar of Storms |
| 0:14 | Orc Burrow |
| 0:39 | Peon |
| 0:50 | War Mill |
| 1:06 | Voodoo Lounge |
| 1:10 | Barracks |
| 1:12 | Peon |
| 1:23 | Peon |
| 1:27 | Peon |
| 1:44 | Orc Burrow |
| 2:01 | Voodoo Lounge |
| 2:08 | Feral Spirit |
| 2:13 | Troll Headhunter |
| 2:24 | Troll Headhunter |
| 2:39 | Troll Headhunter |
| 3:02 | Troll Headhunter |
| 3:13 | Troll Headhunter |
| 3:31 | Troll Headhunter |
| 3:31 | Troll Headhunter |
| 3:44 | Stronghold |
| 4:11 | Troll Headhunter |
| 4:11 | Troll Headhunter |
| 4:14 | Healing Salve |
| 4:14 | Healing Salve |
| 4:19 | Scroll of Speed |
| 4:37 | Troll Headhunter |
| 4:50 | Troll Headhunter |
| 5:06 | Orc Burrow |
| 5:26 | Steel Ranged Weapons |
| 5:45 | Steel Armor |
| 6:08 | Troll Regeneration |
| 6:29 | Frost Arrows |
| 6:52 | Fortress |
| 7:06 | Reinforced Defenses |
| 7:23 | Chain Lighting |
| 7:43 | Thorium Ranged Weapons |
| 9:10 | Great Hall |
| 9:15 | Berserker Upgrade |
| 9:16 | Peon |
| 9:16 | Peon |
| 9:16 | Peon |
| 9:19 | Orc Burrow |
| 10:00 | Peon |
| 10:00 | Peon |
| 10:00 | Peon |
| 10:25 | Great Hall |
| 10:43 | Peon |
| 10:43 | Peon |
| 11:28 | Forked Lightning |
| 11:40 | Tiny Great Hall |
| 11:47 | Orb of Lightning |
| 11:48 | Endurance Aura |
| 11:55 | Peon |
| 12:07 | Peon |
| 12:07 | Peon |
| 12:13 | Peon |
| 12:37 | Orc Burrow |
| 13:10 | Peon |
| 13:10 | Peon |
| 13:11 | Peon |
| 13:11 | Peon |
| 13:12 | Peon |
| 13:18 | Orc Burrow |
| 13:22 | Peon |
| 13:23 | Peon |
| 13:25 | Peon |
| 13:48 | Peon |
| 15:04 | Orc Burrow |
| 15:07 | Peon |
| 15:35 | Barracks |
| 15:36 | Barracks |
| 15:40 | Barracks |
| 15:41 | Arcanite Ranged Weapons |
| 17:11 | Beastiary |
| 17:11 | Beastiary |
| 17:13 | Burning Oil |
| 17:14 | Demolisher |
| 17:15 | Demolisher |
| 17:18 | Beastiary |
| 17:31 | Scroll of Town Portal |
| 17:31 | Scroll of Town Portal |
| 17:31 | Staff of Sanctuary |
| 18:34 | Troll Batrider |
| 18:34 | Troll Batrider |
| 19:29 | Troll Batrider |
| 19:40 | Orc Burrow |
| 19:46 | Great Hall |
| 19:47 | Watch Tower |
| 20:24 | Troll Batrider |
| 21:43 | Troll Batrider |
| 22:34 | Troll Batrider |
| 22:35 | Liquid Fire |
| 22:37 | Thorium Armor |
| Right click | 954 |
| Select group | 429 |
| Select | 353 |
| Assign group | 344 |
| Build/train/purchase | 103 |
| Use ability | 46 |
| Minimap ping | 13 |
| Misc. action | 7 |
| Remove unit | 3 |
StinkyGirl
(2)
(22:59) : 


| Orb of Fire | 2 | 650 |
| Potion of Mana | 1 | 200 |
| Scroll of Healing | 1 | 250 |
| Scroll of Town Portal | 2 | 700 |
| Periapt of Vitality | 1 | 325 |
| Potion of Lesser Invulnerability | 1 | 150 |
| total: | 8 | 2275g |
| Peasant | 18 | 1350 | / | 0 |
| Footman | 7 | 945 | / | 0 |
| Mortar Team | 9 | 1620 | / | 630 |
| Knight | 1 | 245 | / | 60 |
| Priest | 2 | 270 | / | 20 |
| Siege Engine | 6 | 1170 | / | 360 |
| Goblin Shredder | 1 | 375 | / | 100 |
| total: | 44 | 5975g | / | 1170w |
| Scout Tower | 2 | 60 | / | 40 |
| Guard Tower | 2 | 140 | / | 100 |
| Altar of Kings | 1 | 180 | / | 50 |
| Farm | 11 | 880 | / | 220 |
| Barracks | 2 | 320 | / | 120 |
| Town Hall | 2 | 770 | / | 410 |
| Lumber Mill | 1 | 120 | / | 0 |
| Blacksmith | 1 | 140 | / | 60 |
| Arcane Vault | 1 | 130 | / | 30 |
| Workshop | 3 | 420 | / | 420 |
| Arcane Sanctum | 2 | 300 | / | 280 |
| Keep | 1 | 320 | / | 210 |
| Castle | 1 | 360 | / | 210 |
| total: | 26 | 3320g | / | 1630w |
| 0:03 | Peasant |
| 0:03 | Peasant |
| 0:10 | Altar of Kings |
| 0:20 | Farm |
| 0:23 | Barracks |
| 0:26 | Peasant |
| 0:34 | Peasant |
| 0:59 | Farm |
| 1:02 | Peasant |
| 1:02 | Peasant |
| 1:18 | Peasant |
| 1:25 | Footman |
| 1:38 | Farm |
| 1:47 | Footman |
| 1:52 | Peasant |
| 2:05 | Footman |
| 2:14 | Summon Water Elemental |
| 2:22 | Farm |
| 2:26 | Footman |
| 2:33 | Peasant |
| 2:50 | Footman |
| 3:08 | Peasant |
| 3:13 | Defend |
| 3:21 | Brilliance Aura |
| 3:44 | Peasant |
| 3:44 | Peasant |
| 4:02 | Town Hall |
| 4:42 | Keep |
| 4:53 | Lumber Mill |
| 5:33 | Blacksmith |
| 5:37 | Arcane Vault |
| 5:40 | Summon Water Elemental |
| 5:49 | Footman |
| 5:55 | Barracks |
| 6:48 | Farm |
| 7:10 | Castle |
| 7:11 | Improved Lumber Harvesting |
| 7:30 | Footman |
| 7:34 | Workshop |
| 7:36 | Iron Forged Swords |
| 7:39 | Farm |
| 8:12 | Peasant |
| 8:12 | Peasant |
| 8:12 | Peasant |
| 8:12 | Peasant |
| 8:12 | Peasant |
| 8:23 | Farm |
| 8:56 | Goblin Shredder |
| 9:10 | Mortar Team |
| 9:20 | Periapt of Vitality |
| 9:21 | Potion of Lesser Invulnerability |
| 9:22 | Scroll of Healing |
| 9:31 | Storm Bolt |
| 9:36 | Farm |
| 9:38 | Farm |
| 9:51 | Mortar Team |
| 9:56 | Workshop |
| 10:20 | Fragmentation Shards |
| 10:21 | Flare |
| 10:23 | Farm |
| 10:24 | Farm |
| 10:33 | Holy Light |
| 10:37 | Black Gunpowder |
| 10:37 | Iron Plating |
| 10:38 | Improved Masonry |
| 11:39 | Advanced Masonry |
| 11:40 | Mortar Team |
| 12:12 | Knight |
| 12:14 | Mortar Team |
| 12:33 | Town Hall |
| 12:47 | Animal War Training |
| 13:27 | Mortar Team |
| 13:30 | Refined Gunpowder |
| 13:51 | Studded Leather Armor |
| 13:53 | Mortar Team |
| 14:16 | Arcane Sanctum |
| 14:25 | Arcane Sanctum |
| 15:05 | Mortar Team |
| 15:41 | Peasant |
| 15:53 | Magic Sentry |
| 15:54 | Priest Adept Training |
| 15:54 | Priest |
| 16:00 | Scout Tower |
| 16:07 | Scout Tower |
| 16:31 | Guard Tower |
| 17:05 | Guard Tower |
| 17:13 | Barrage |
| 17:13 | Siege Engine |
| 17:16 | Steel Plating |
| 17:16 | Imbued Gunpowder |
| 17:19 | Priest Master Training |
| 17:20 | Priest |
| 17:37 | Scroll of Town Portal |
| 17:38 | Orb of Fire |
| 17:40 | Potion of Mana |
| 17:49 | Siege Engine |
| 18:49 | Mithril Plating |
| 18:50 | Reinforced Leather Armor |
| 19:34 | Siege Engine |
| 19:34 | Siege Engine |
| 19:34 | Siege Engine |
| 19:40 | Workshop |
| 19:54 | Scroll of Town Portal |
| 19:55 | Orb of Fire |
| 20:58 | Siege Engine |
| 22:16 | Mortar Team |
| 22:53 | Mortar Team |
| 22:56 | Dragonhide Armor |
| Select group | 507 |
| Select | 351 |
| Right click | 233 |
| Build/train/purchase | 110 |
| Misc. action | 77 |
| Assign group | 42 |
| Resource trade | 24 |
| Use ability | 12 |
| Remove unit | 5 |
| Item give/drop | 1 |
| Minimap ping | 1 |